 Dungeon Crawl Stone Soup version bcrawl-1.20.1-3-gdcb1fc31ed (webtiles) character file.

Game seed: 16526734965659734753

119256 MisterOstroum the Nimble (level 16, 123/129 HPs)
             Began as a Gnoll Reaver on Jan 25, 2020.
             Was a High Priest of Vehumet.
             Quit the game on level 3 of the Lair of Beasts on Feb 2, 2020.
             The game lasted 02:03:23 (35308 turns).

MisterOstroum the Nimble (Gnoll Reaver)            Turns: 35308, Time: 02:03:23

Health: 123/129    AC:  6    Str: 15    XL:     16   Next: 79%
Magic:  40/40      EV: 21    Int: 28    God:    Vehumet [*****.]
Gold:   2262       SH:  7    Dex: 16    Spells: 7/38 levels left

rFire    + . .     SeeInvis .   F - staff of wizardry {!a}
rCold    + . .     Gourm    .   l - +0 buckler
rNeg     + . .     Faith    .   (no armour)
rPois    +         Spirit   .   V - +2 helmet
rElec    +         Reflect  .   r - scarf {rC+ rF+}
rCorr    .         Harm     .   M - +0 pair of gloves
MR       +....                  v - +0 pair of boots
Stlth    +++++.....             j - amulet "Weufuus" {*Contam rC+ Regen+ Dex+2}
HPRegen  0.71/turn              B - ring of magical power
MPRegen  0.27/turn              G - ring of Entrepreneurial Spirit {rElec rPois rC- rN+ Int+6}

@: studying Long Blades
A: distributed training, fangs 1, strong nose
a: Renounce Religion


You were on level 3 of the Lair of Beasts.
You worshipped Vehumet.
Vehumet was extremely pleased with you.
You were not hungry.

You visited 4 branches of the dungeon, and saw 21 of its levels.
You also visited: Sewer, Bailey and Ice Cave.

You collected 2294 gold pieces.
You spent 32 gold pieces at shops.

Inventory:

Hand Weapons
 a - a +5 demon trident of flaming
 b - a +3 scimitar of flaming
 J - a +1 fustibalus of freezing
Missiles
 u - 5 throwing nets {!f!f}
 w - 818 tomahawks (quivered)
Armour
 l - a +0 buckler (worn)
 r - a scarf of resistance (worn)
 v - a +0 pair of boots (worn)
 M - a +0 pair of gloves (worn)
 O - the +7 Kryia's mail coat {PotionHeal*2 rC+ RMsl}
   (You took it off a hobgoblin in a bailey)

   It protects you from cold.
   It protects you from missiles.
 V - a +2 helmet (worn)
Magical Staves
 c - an uncursed staff of fire
 F - an uncursed staff of wizardry (weapon) {!a}
Jewellery
 f - an uncursed ring of resist corrosion {unknown}
 j - the amulet "Weufuus" (around neck) {*Contam rC+ Regen+ Dex+2}
   (You took it off a gnoll shaman on level 7 of the Dungeon)

   [amulet of regeneration]

   It affects your dexterity (+2).
   It protects you from cold.
   It causes magical contamination when unequipped.
   It increases your rate of regeneration.
 B - a ring of magical power (left hand)
 G - the ring of Entrepreneurial Spirit (right hand) {rElec rPois rC- rN+ Int+6}
   (You acquired it on level 2 of the Shoals)

   [ring of positive energy]

   It affects your intelligence (+6).
   It makes you vulnerable to cold.
   It insulates you from electricity.
   It protects you from poison.
   It protects you from negative energy.
Wands
 E - a wand of paralysis (28)
 N - a wand of disintegration (2)
 Q - a wand of acid (1)
 S - a wand of enslavement (18)
 T - a wand of polymorph (13)
 W - a wand of random effects (19)
Scrolls
 d - 5 scrolls of immolation
 h - 4 scrolls of magic mapping {@r5 !r}
 m - 11 scrolls of teleportation {@r3 !r}
 n - 5 scrolls of amnesia
 y - 3 scrolls of fear {!r}
 z - 6 scrolls of blinking {@r4}
 I - 4 scrolls of fog {!r}
 P - 8 scrolls of identify {@r1}
 R - a scroll of torment
Potions
 g - 2 potions of agility {@q5 !q}
 i - 15 potions of curing {@q1 !q}
 o - 5 potions of heal wounds {@q2 !q}
 p - 3 potions of resistance
 q - 13 potions of flight
 s - 7 potions of lignification {@q6}
 t - 2 potions of might {@q3 !q}
 x - a potion of brilliance
 A - 6 potions of mutation
 C - a potion of magic
 D - 2 potions of cancellation
 H - 2 potions of berserk rage
 L - 5 potions of haste {@q4 !q}
 U - a potion of ambrosia
 X - 3 potions of invisibility
Books
 K - a manual of Long Blades
Miscellaneous
 k - a sack of spiders
 Y - a phial of floods
Comestibles
 e - 43 rations {!d}


   Skills:
 + Level 12.4 Fighting
 + Level 10.9 Short Blades
 + Level 12.4 Long Blades
 + Level 10.9 Axes
 + Level 10.9 Maces & Flails
 + Level 12.4 Polearms
 + Level 10.9 Staves
 + Level 10.9 Slings
 + Level 10.9 Bows
 + Level 10.9 Crossbows
 + Level 10.9 Throwing
 + Level 10.9 Armour
 + Level 12.4 Dodging
 + Level 10.9 Stealth
 + Level 10.9 Shields
 + Level 10.9 Unarmed Combat
 + Level 11.8 Spellcasting
 + Level 9.2 Conjurations
 + Level 9.2 Hexes
 + Level 9.2 Charms
 + Level 9.2 Summonings
 + Level 9.2 Necromancy
 + Level 9.2 Translocations
 + Level 9.2 Transmutations
 + Level 9.2 Fire Magic
 + Level 9.2 Ice Magic
 + Level 9.2 Air Magic
 + Level 9.2 Earth Magic
 + Level 9.2 Poison Magic
 + Level 11.7 Invocations
 + Level 10.9 Evocations


You had 7 spell levels left.
You knew the following spells:

 Your Spells              Type           Power        Failure   Level  Hunger
a - Conjure Flame         Conj/Fire      ######..     1%          3    None
b - Mephitic Cloud        Conj/Pois/Air  ######..     1%          3    None
c - Iskenderun's Mystic   Conj           ######..     1%          3    None
d - Freeze                Ice            ######       1%          1    None
e - Icicle Burst          Conj/Ice       ######....   7%          7    ######.
f - Bolt of Fire          Conj/Fire      ######....   1%          6    #####..
g - Magic Dart            Conj           ####         1%          1    None
s - Iskenderun's Battles  Conj/Chrm      ######..     1%          5    ###....
B - Blink                 Tloc           N/A          1%          2    None

Your spell library contained the following spells:

 Spells                   Type           Power        Failure   Level  Hunger
 Spellforged Servitor     Conj/Summ      ######....   7%          7    ######.
 Corona                   Hex            ######.      1%          1    None
 Summon Small Mammal      Summ           ####         1%          1    None
 Call Imp                 Summ           ######       1%          2    None
 Ensorcelled Hibernation  Hex/Ice        ######       1%          2    None
 Poisonous Vapours        Pois/Air       ######       1%          2    None
 Shackle                  Hex            ######..     1%          2    None
 Call Canine Familiar     Summ           ######..     1%          3    None
 Confuse                  Hex            ######..     1%          3    None
 Dazzling Spray           Conj/Hex       ######       1%          3    None
 False Image              Hex/Summ       ######..     1%          3    None
 Inner Flame              Hex/Fire       N/A          1%          3    None
 Spider Form              Tmut/Pois      ###          1%          3    None
 Tukima's Dance           Hex            ######..     1%          3    None
 Cause Fear               Hex            ######....   1%          4    None
 Ice Form                 Ice/Tmut       ######..     1%          4    None
 Summon Ice Beast         Ice/Summ       ######..     1%          4    None
 Yara's Violent Unravell  Hex/Tmut       ######....   1%          4    None
 Metabolic Englaciation   Hex/Ice        ######....   1%          5    ###....
 Piercing Shot            Chrm           ######....   1%          5    ###....
 Silence                  Hex/Air        ######....   1%          5    ###....
 Summon Lightning Spire   Summ/Air       ######..     1%          5    ###....
 Bolt of Cold             Conj/Ice       ######....   1%          6    #####..
 Ozocubu's Refrigeration  Ice            ######....   1%          6    #####..
 Deflect Missiles         Chrm/Air       ######....   4%          6    #####..
 Freezing Cloud           Ice/Air        ######....   4%          6    #####..
 Infestation              Hex/Tmut/Pois  ######...    4%          6    #####..
 Simulacrum               Ice/Necr       ######....   4%          6    #####..
 Steam Barrier            Chrm/Fire      ######....   4%          6    #####..
 Discord                  Hex            ######....   86%         8    #######


Dungeon Overview and Level Annotations

Branches:
Dungeon (12/12)            Temple (0/1) D:4            Lair (6/6) D:7
 Shoals (2/3) Lair:3        Snake (0/3) Lair:4        Slime (0/5) Lair:6
    Orc (1/1) D:9             Elf (0/3) Orc          Vaults (0/3) D:12
 Depths (0/5) D:12

Altars:
Elyvilon
Fedhas
Hepliaklqana
Kikubaaqudgha
Makhleb
Okawaru
Qazlal
Ru
Sif Muna
Trog
Vehumet
Xom
The Shining One
Beogh
Jiyva

Shops:
D:4 %*%   D:9 (   Orc :![

Annotations:
D:3 Grinder
Lair:4 3 runed translucent doors, Freyura's ghost, journeyman MiFi
Shoals:1 Egimn's ghost, journeyman MiBe; thechecker02's ghost, adept GnFi


Innate Abilities, Weirdness & Mutations

Your experience applies equally to all skills.
You have very sharp teeth.
Your uncanny sense of smell can sniff out nearby items.


Message History

Confirm with . or Enter, or press ? or * to list all spells.
Aiming: Icicle Burst (quite dangerous; 7% risk of failure)
Press: ? - help, Shift-Dir - straight line, f/p - Egimn's ghost
Aim: Egimn's ghost, wielding a weapon of flaming (moderately damaged)
The burst of ice shards hits Egimn's ghost. x5
The burst of ice shards hits thechecker02's ghost.
Thechecker02's ghost is lightly damaged.
Egimn's ghost is moderately damaged.
You are feeling very hungry.
Egimn's ghost hits you!! Egimn's ghost burns you.
Thechecker02's ghost gestures at you while chanting.
The stone arrow misses you.
The stone arrow hits the plant.
Casting: Icicle Burst (quite dangerous; 7% risk of failure)
Confirm with . or Enter, or press ? or * to list all spells.
Aiming: Icicle Burst (quite dangerous; 7% risk of failure)
Press: ? - help, Shift-Dir - straight line, f/p - Egimn's ghost
Aim: Egimn's ghost, wielding a weapon of flaming (moderately damaged)
The burst of ice shards hits Egimn's ghost. x8
Egimn's ghost is moderately damaged.
Egimn's ghost completely misses you.
Thechecker02's ghost whispers, "Meet the emptiness of death!"
Thechecker02's ghost hits you but does no damage.
Casting: Icicle Burst (quite dangerous; 7% risk of failure)
Confirm with . or Enter, or press ? or * to list all spells.
Aiming: Icicle Burst (quite dangerous; 7% risk of failure)
Press: ? - help, Shift-Dir - straight line, f - thechecker02's ghost, p - Egimn's ghost
Aim: thechecker02's ghost, wielding a weapon of flaming (lightly damaged)
The burst of ice shards hits thechecker02's ghost. x6
Thechecker02's ghost is moderately damaged.
You are near starving!
Egimn's ghost hits you!! Egimn's ghost burns you.
Thechecker02's ghost hits you!! Thechecker02's ghost burns you.
* * * LOW HITPOINT WARNING * * *
Casting: Icicle Burst (quite dangerous; 7% risk of failure)
Confirm with . or Enter, or press ? or * to list all spells.
Aiming: Icicle Burst (quite dangerous; 7% risk of failure)
Press: ? - help, Shift-Dir - straight line, f/p - thechecker02's ghost
Aim: thechecker02's ghost, wielding a weapon of flaming (moderately damaged)
The burst of ice shards hits thechecker02's ghost. x4
Thechecker02's ghost is moderately damaged.
You are starving!
You block Egimn's ghost's attack. Thechecker02's ghost hits you.
* * * LOW HITPOINT WARNING * * *
Thechecker02's ghost burns you.
* * * LOW HITPOINT WARNING * * *
You don't have the energy to cast that spell.
There is a stone staircase leading up here.
Egimn's ghost whispers, "There is no future for you."
Egimn's ghost hits you.
* * * LOW HITPOINT WARNING * * *
Thechecker02's ghost points at you and mumbles some strange words.
The stone arrow misses you.
The stone arrow hits the plant.
You climb upwards.
There is a stone staircase leading down here.
Thechecker02's ghost hits you!!
* * * LOW HITPOINT WARNING * * *
Thechecker02's ghost burns you.
* * * LOW HITPOINT WARNING * * *
Egimn's ghost yells, "Who would have thought, even in death it is a pleasure to sever!"
Okay, then.
Egimn's ghost yells, "Who would have thought, even in death it is a pleasure to sever!"
Egimn's ghost screams in joy, "As in life, so in death: Kill!
Kill!!
Kill!!!"
Thechecker02's ghost screams, "I have seen your future, and it is all used up."
Thechecker02's ghost wails, "You must not fail where I succeeded!"
Egimn's ghost hits you!
* * * LOW HITPOINT WARNING * * *
Blink to where?
Press: ? - help, Dir - move target cursor Splash!
You fall into the shallow water.
Moving in this stuff is going to be slow.
You are very lightly contaminated with residual magic.
As you read the scroll of blinking {@r4}, it crumbles to dust.
You eat one of the 44 rations {!d}.
That ration really hit the spot!
Really read
m - 12 scrolls of teleportation {@r3 !r}?
As you read the scroll of teleportation {@r3 !r}, it crumbles to dust.
You feel strangely unstable.
Your surroundings suddenly seem different.
Splash!
You fall into the shallow water.
Moving in this stuff is going to be slow.
(D) Dungeon (T) Temple (L) Lair (A) Shoals (P) Snake Pit (M) Slime Pits (O) Orcish Mines (E) Elven Halls (V) Vaults (U) Depths
Where to? (* - list waypoints, ? - help)
You enter the shallow water.
Moving in this stuff is going to be slow.
Splash!
You fall into the shallow water.
Moving in this stuff is going to be slow.
You enter the shallow water.
Moving in this stuff is going to be slow.
Your magical contamination has completely faded away.
There is a staircase back to the Lair here.
You climb upwards.
Welcome back to the Lair of Beasts!
There is a staircase to the Shoals here.
Magic restored.
HP restored.
Done exploring.
Are you sure you want to abandon this character and quit the game? (Confirm with "yes".)

#...#####.#..........#
###.(.............#...##
#.....#.###...##.#..P.###
###.#...#..≈##.........#.
#....##.≈.#....).......
##...##..≈##.....###....
#P...##.≈≈#.....###..#.#
#....#.#≈##...#.# ##.###
##..###.@≈#......# ##.P#
#...# #.#≈##...#.# #..##
##.## ##.≈≈##..#.# #P..#
##..#####..≈##....# ##.##
#...##.###.≈.#....###...#
###.P##..#..≈#..##(##...#
#.###.####..########..#
#######.###.P...[..# #.P#
#.....#..#.......P.#
##.##


There were no monsters in sight!

Vanquished Creatures
  Bai Suzhen (Shoals:2)
  Gastronok (Lair:3)
  Frances (Shoals:1)
  Kirke (Lair:2)
  A fire giant (D:12)
  2 very ugly things (IceCv)
  6 dire elephants
  A merfolk javelineer (Shoals:1)
  2 ogre magi
  3 merfolk impalers
  Josephine (Shoals:1)
  Fannar (Lair:3)
  7 hydras
  Erolcha (Orc)
  5 centaur warriors
  An anaconda (Lair:6)
  5 two-headed ogres
  2 tengu warriors
  An orc high priest (Orc)
  4 slime creatures
  The ghost of Mrkan the Cleaver, a novice MiFi of the Shining One (D:7)
  A shadow wraith (D:12)
  8 hell knights (D:11)
  A lindwurm (D:12)
  A cyclops (D:12)
  7 harpies (Shoals:1)
  2 orc knights (Bailey)
  3 necromancers
  2 deep elf magi (D:12)
  8 orc sorcerers (Orc)
  3 manticores
  A wolf spider zombie (D:11)
  3 ugly things
  5 merfolk sirens
  5 fauns (Shoals:1)
  2 centaur zombies (D:10)
  6 ice statues
  3 black mambas (Lair:6)
  Joseph (D:8)
  31 elephants
  A water nymph (Shoals:2)
  A gargoyle (D:11)
  7 cane toads
  2 rime drakes
  A wind drake (Shoals:2)
  2 kobold demonologists (Bailey)
  9 komodo dragons
  2 anaconda simulacra (IceCv)
  An efreet (D:11)
  A tengu conjurer (D:12)
  5 trolls
  10 merfolk
  2 snapping turtles (Shoals:1)
  6 dream sheep (Lair:5)
  10 blink frogs
  6 hippogriffs
  3 water elementals
  Sigmund (D:2)
  A spriggan (Lair:4)
  4 wraiths
  3 hogs (Lair:3)
  2 dire elephant simulacra (IceCv)
  36 yaks
  2 basilisks
  A human (D:10)
  6 hungry ghosts
  A steam dragon (D:10)
  3 vampire mosquitoes
  An iron troll simulacrum (IceCv)
  2 harpy simulacra (IceCv)
  6 water moccasins
  A warg (D:9)
  12 crocodiles
  Duvessa (D:7)
  2 hydra simulacra (IceCv)
  6 porcupines
  7 hell hounds (D:11)
  10 ice beasts
  2 sky beasts
  26 orc warriors
  An eye of draining (D:12)
  2 phantoms
  A necrophage (D:10)
  11 ogres
  A black bear (D:7)
  7 centaurs
  5 bullfrogs
  54 wolves
  2 big kobolds
  7 gnoll sergeants
  Dowan (D:7)
  A water moccasin zombie (D:5)
  5 scorpions
  4 killer bees (D:10)
  9 wights
  6 electric eels
  8 crimson imps
  7 hounds
  32 orc wizards
  11 orc priests
  2 jellies
  A bullfrog skeleton (D:6)
  3 centaur skeletons
  A gnoll shaman (D:7)
  An iguana (D:11)
  Natasha (thrice) (D:3)
  7 worker ants
  A worker ant zombie (D:7)
  15 gnolls
  A river rat (D:3)
  8 adders
  3 shadow imps
  6 oozes
  2 adder zombies
  An adder skeleton (D:9)
  6 worms
  3 dart slugs (D:1)
  3 leopard geckos
  91 orcs
  17 bats
  5 giant cockroaches
  18 goblins
  20 hobgoblins
  10 jackals
  2 quokkas
  4 ball pythons
  4 frilled lizards
  2 jackal skeletons
  A jackal zombie (D:8)
  14 kobolds
  A quokka zombie (D:6)
  7 rats
  A bush (Lair:6)
  A butterfly (Lair:5)
  3 fungi
  6 plants
795 creatures vanquished.

Vanquished Creatures (collateral kills)
  3 harpies (Shoals:2)
3 creatures vanquished.

Vanquished Creatures (others)
  2 harpies (Shoals:2)
  2 slime creatures (D:10)
  2 orcs (D:10)
  A hobgoblin (Bailey)
  2 kobolds (D:12)
  87 fungi
  34 plants
  6 withered plants (Shoals:2)
136 creatures vanquished.

Grand Total: 934 creatures vanquished

Notes
Turn   | Place    | Note
-------+----------+-------------------------------------------
     0 | D:1      | MisterOstroum the Gnoll Reaver began the quest for the Orb.
     0 | D:1      | Reached XP level 1. HP: 23/23 MP: 6/6
    97 | D:1      | Reached XP level 2. HP: 29/29 MP: 7/7
   210 | D:1      | Reached * piety under Vehumet
   210 | D:1      | Offered knowledge of Magic Dart by Vehumet.
   210 | D:1      | Reached XP level 3. HP: 35/35 MP: 9/9
   216 | D:1      | Learned a level 1 spell: Magic Dart
   235 | D:1      | Reached skill level 5 in Spellcasting
   783 | D:2      | Reached skill level 1 in Invocations
   917 | D:2      | Reached skill level 1 in Short Blades
   917 | D:2      | Reached skill level 1 in Long Blades
   917 | D:2      | Reached skill level 1 in Axes
   917 | D:2      | Reached skill level 1 in Maces & Flails
   917 | D:2      | Reached skill level 1 in Staves
   917 | D:2      | Reached skill level 1 in Slings
   917 | D:2      | Reached skill level 1 in Bows
   917 | D:2      | Reached skill level 1 in Crossbows
   917 | D:2      | Reached skill level 1 in Throwing
   917 | D:2      | Reached skill level 1 in Armour
   917 | D:2      | Reached skill level 1 in Stealth
   917 | D:2      | Reached skill level 1 in Shields
   917 | D:2      | Reached skill level 1 in Unarmed Combat
   917 | D:2      | Reached skill level 1 in Evocations
   948 | D:2      | Noticed Sigmund
   983 | D:2      | Reached XP level 4. HP: 41/41 MP: 11/11
  1318 | D:2      | Killed Sigmund
  1318 | D:2      | Reached skill level 1 in Conjurations
  1318 | D:2      | Reached skill level 1 in Hexes
  1318 | D:2      | Reached skill level 1 in Charms
  1318 | D:2      | Reached skill level 1 in Summonings
  1318 | D:2      | Reached skill level 1 in Necromancy
  1318 | D:2      | Reached skill level 1 in Translocations
  1318 | D:2      | Reached skill level 1 in Transmutations
  1318 | D:2      | Reached skill level 1 in Fire Magic
  1318 | D:2      | Reached skill level 1 in Ice Magic
  1318 | D:2      | Reached skill level 1 in Air Magic
  1318 | D:2      | Reached skill level 1 in Earth Magic
  1318 | D:2      | Reached skill level 1 in Poison Magic
  1318 | D:2      | Reached XP level 5. HP: 14/47 MP: 12/12
  1318 | D:2      | Reached XP level 6. HP: 16/53 MP: 13/13
  1728 | D:2      | Learned a level 5 spell: Iskenderun's Battlesphere
  1886 | D:3      | Noticed Natasha
  1895 | D:3      | Killed Natasha
  1895 | D:3      | Reached ** piety under Vehumet
  1895 | D:3      | Offered knowledge of Freeze by Vehumet.
  1898 | D:3      | Learned a level 1 spell: Freeze
  1927 | D:3      | Noticed Grinder
  1942 | D:3      | Noticed an ice beast
  1959 | D:3      | Killed an ice beast
  1997 | D:3      | Found a glowing drain.
  2001 | D:3      | Noticed Natasha
  2036 | D:3      | Killed Natasha
  2066 | D:3      | Noticed Natasha
  2081 | D:3      | Killed Natasha
  2081 | D:3      | Reached XP level 7. HP: 38/59 MP: 15/15
  2189 | Sewer    | Entered a sewer
  2370 | Sewer    | Offered knowledge of Iskenderun's Mystic Blast by Vehumet.
  2375 | Sewer    | Learned a level 3 spell: Iskenderun's Mystic Blast
  2777 | Sewer    | Reached *** piety under Vehumet
  4079 | D:4      | Found a staircase to the Ecumenical Temple.
  4257 | D:4      | Offered knowledge of Conjure Flame by Vehumet.
  4257 | D:4      | Reached XP level 8. HP: 59/67 MP: 5/16
  4467 | D:4      | Found a glowing golden altar of the Shining One.
  4494 | D:4      | Found Pemecem's Assorted Antiques.
  4503 | D:4      | Bought a scroll labeled FOARHO INOAG for 17 gold pieces
  4503 | D:4      | Bought a lumpy puce potion for 15 gold pieces
  4751 | D:4      | Found Zuaptalad's Food Boutique.
  4782 | D:4      | Learned a level 3 spell: Conjure Flame
  4867 | D:4      | Found Cerud's Food Shop.
  4932 | D:5      | Entered Level 5 of the Dungeon
  4954 | D:5      | Got a faintly glowing ring mail
  4996 | D:5      | Found a shimmering altar of Xom.
  5545 | D:5      | Found an ancient bone altar of Kikubaaqudgha.
  5546 | D:5      | Found a blossoming altar of Fedhas.
  5546 | D:5      | Found a bloodstained altar of Trog.
  5547 | D:5      | Found a shimmering blue altar of Sif Muna.
  6329 | D:6      | Reached **** piety under Vehumet
  6329 | D:6      | Reached XP level 9. HP: 69/72 MP: 18/18
  6998 | D:6      | Found a radiant altar of Vehumet.
  6999 | D:6      | Found an iron altar of Okawaru.
  7000 | D:6      | Found a hazy altar of Hepliaklqana.
  7241 | D:7      | Offered knowledge of Mephitic Cloud by Vehumet.
  7300 | D:7      | Found a flagged portal.
  7308 | Bailey   | Entered a bailey
  7443 | Bailey   | Noticed an orc knight
  7449 | Bailey   | Learned a level 3 spell: Mephitic Cloud
  7467 | Bailey   | Killed an orc knight
  7503 | Bailey   | Noticed a kobold demonologist
  7521 | Bailey   | Killed a kobold demonologist
  7521 | Bailey   | Reached skill level 5 in Invocations
  7533 | Bailey   | Reached XP level 10. HP: 73/80 MP: 15/20
  7586 | Bailey   | Noticed a kobold demonologist
  7593 | Bailey   | Killed a kobold demonologist
  7604 | Bailey   | Noticed an orc knight
  7638 | Bailey   | Killed an orc knight
  7638 | Bailey   | Reached skill level 5 in Short Blades
  7638 | Bailey   | Reached skill level 5 in Long Blades
  7638 | Bailey   | Reached skill level 5 in Axes
  7638 | Bailey   | Reached skill level 5 in Maces & Flails
  7638 | Bailey   | Reached skill level 5 in Staves
  7638 | Bailey   | Reached skill level 5 in Slings
  7638 | Bailey   | Reached skill level 5 in Bows
  7638 | Bailey   | Reached skill level 5 in Crossbows
  7638 | Bailey   | Reached skill level 5 in Throwing
  7638 | Bailey   | Reached skill level 5 in Armour
  7638 | Bailey   | Reached skill level 5 in Stealth
  7638 | Bailey   | Reached skill level 5 in Shields
  7638 | Bailey   | Reached skill level 5 in Unarmed Combat
  7638 | Bailey   | Reached skill level 5 in Evocations
  7803 | Bailey   | Found an iron altar of Okawaru.
  8114 | Bailey   | Reached ***** piety under Vehumet
  8114 | Bailey   | Offered knowledge of Iron Shot by Vehumet.
  8317 | D:7      | Found a staircase to the Lair.
  8323 | D:7      | Noticed Duvessa
  8326 | D:7      | Noticed Dowan
  8375 | D:7      | Killed Duvessa
  8394 | D:7      | Killed Dowan
  8610 | D:7      | Found a transporter.
  8627 | D:7      | Found a transporter.
  8630 | D:7      | Noticed Mrkan's ghost (novice MiFi)
  8703 | D:7      | Identified the cursed +3 glaive "Grim" {elec, +Blink rF+
                  | Int-2}
  8703 | D:7      | Identified the amulet "Weufuus" {*Contam rC+ Regen+ Dex+2}
  8914 | D:7      | Found a white marble altar of Elyvilon.
  9916 | D:8      | Noticed Joseph
  9929 | D:8      | Killed Joseph
 10102 | D:8      | Got a spiked chain mail
 10467 | D:9      | Found a sacrificial altar of Ru.
 10541 | D:9      | Reached XP level 11. HP: 79/87 MP: 22/22
 10746 | D:9      | Reached skill level 5 in Conjurations
 10746 | D:9      | Reached skill level 5 in Hexes
 10746 | D:9      | Reached skill level 5 in Charms
 10746 | D:9      | Reached skill level 5 in Summonings
 10746 | D:9      | Reached skill level 5 in Necromancy
 10746 | D:9      | Reached skill level 5 in Translocations
 10746 | D:9      | Reached skill level 5 in Transmutations
 10746 | D:9      | Reached skill level 5 in Fire Magic
 10746 | D:9      | Reached skill level 5 in Ice Magic
 10746 | D:9      | Reached skill level 5 in Air Magic
 10746 | D:9      | Reached skill level 5 in Earth Magic
 10746 | D:9      | Reached skill level 5 in Poison Magic
 10913 | D:9      | Found a staircase to the Orcish Mines.
 11348 | D:9      | Found a stormy altar of Qazlal.
 11370 | D:9      | Found Fuceujas's Weapon Shoppe.
 11545 | D:9      | Noticed a centaur warrior
 11549 | D:9      | Noticed a six-headed hydra
 11557 | D:9      | Killed a six-headed hydra
 11569 | D:9      | Killed a centaur warrior
 11823 | D:9      | Identified the +0 ring mail of the City {rCorr} (You found
                  | it on level 5 of the Dungeon)
 11843 | D:9      | Learned a level 6 spell: Iron Shot
 11887 | D:10     | Entered Level 10 of the Dungeon
 11977 | D:10     | Noticed a centaur warrior
 12005 | D:10     | Killed a centaur warrior
 12444 | Lair:1   | Entered Level 1 of the Lair of Beasts
 12477 | Lair:1   | Reached XP level 12. HP: 45/96 MP: 4/24
 13465 | Lair:1   | Learned a level 2 spell: Blink
 13580 | Lair:2   | Offered knowledge of Bolt of Fire by Vehumet.
 14416 | Lair:2   | Upgraded the game from bcrawl-1.20.1 to
                  | bcrawl-1.20.1-3-gdcb1fc31ed
 14476 | Lair:3   | Noticed Gastronok
 14479 | Lair:3   | Learned a level 1 spell: Magic Dart
 14487 | Lair:3   | Learned a level 6 spell: Bolt of Fire
 14656 | Lair:3   | Found a staircase to the Shoals.
 14713 | Lair:3   | Noticed Fannar
 14741 | Lair:3   | Killed Fannar
 14930 | Lair:3   | Killed Gastronok
 14930 | Lair:3   | Reached skill level 10 in Fighting
 14930 | Lair:3   | Reached skill level 10 in Polearms
 14930 | Lair:3   | Reached skill level 10 in Dodging
 14930 | Lair:3   | Reached XP level 13. HP: 103/103 MP: 13/26
 15451 | Lair:3   | Learned a level 1 spell: Magic Dart
 15456 | Lair:3   | Noticed Kirke
 16001 | Lair:2   | Killed Kirke
 16466 | Lair:4   | Found a runed translucent gate.
 16466 | Lair:4   | Found a runed translucent gate.
 16466 | Lair:4   | Found a runed translucent gate.
 16468 | Lair:4   | Found a viscous altar of Jiyva.
 16468 | Lair:4   | Noticed Freyura's ghost (journeyman MiFi)
 16523 | Lair:4   | Found a staircase to the Snake Pit.
 16702 | Lair:4   | Offered knowledge of Icicle Burst by Vehumet.
 16712 | Lair:4   | Learned a level 7 spell: Icicle Burst
 17988 | Lair:5   | Noticed a dire elephant
 18458 | Lair:5   | Reached skill level 10 in Spellcasting
 18558 | Lair:5   | Reached XP level 14. HP: 100/111 MP: 7/28
 19943 | D:7      | Killed Mrkan's ghost
 23012 | D:11     | Reached skill level 10 in Invocations
 23480 | D:11     | Found a bloodstained altar of Trog.
 23690 | Orc      | Entered the Orcish Mines
 23690 | Orc      | Found a burning altar of Makhleb.
 23910 | Orc      | Offered knowledge of Lightning Bolt by Vehumet.
 24869 | Orc      | Found a staircase to the Elven Halls.
 25428 | Orc      | Paralysed by an orc sorcerer for 2 turns
 25487 | Orc      | Found Zyaxiwn's Book Emporium.
 25632 | Orc      | Found Doalocru's Distillery.
 25671 | Orc      | Found an ancient bone altar of Kikubaaqudgha.
 25909 | Orc      | Paralysed by an orc sorcerer for 4 turns
 25922 | Orc      | Noticed Erolcha
 26204 | Orc      | Killed Erolcha
 26239 | Orc      | Paralysed by an orc sorcerer for 3 turns
 26242 | Orc      | Reached skill level 10 in Long Blades
 26474 | Orc      | Found a roughly hewn altar of Beogh.
 26474 | Orc      | Found Xuseboch's Antique Armour Shoppe.
 26536 | Orc      | Found a radiant altar of Vehumet.
 26657 | Orc      | Found Qaofroishrya's Magic Scroll Emporium.
 26809 | D:12     | Entered Level 12 of the Dungeon
 26856 | D:12     | Reached XP level 15. HP: 84/119 MP: 1/29
 27221 | D:12     | Noticed a fire giant
 27226 | D:12     | Killed a fire giant
 27321 | D:12     | Found a staircase to the Depths.
 27434 | D:12     | Offered knowledge of Mana Rupture by Vehumet.
 28244 | D:12     | Found a gate to the Vaults.
 29471 | D:11     | Reached skill level 10 in Short Blades
 29471 | D:11     | Reached skill level 10 in Axes
 29471 | D:11     | Reached skill level 10 in Maces & Flails
 29471 | D:11     | Reached skill level 10 in Staves
 29471 | D:11     | Reached skill level 10 in Slings
 29471 | D:11     | Reached skill level 10 in Bows
 29471 | D:11     | Reached skill level 10 in Crossbows
 29471 | D:11     | Reached skill level 10 in Throwing
 29471 | D:11     | Reached skill level 10 in Armour
 29471 | D:11     | Reached skill level 10 in Stealth
 29471 | D:11     | Reached skill level 10 in Shields
 29471 | D:11     | Reached skill level 10 in Unarmed Combat
 29471 | D:11     | Reached skill level 10 in Evocations
 29727 | Lair:6   | Entered Level 6 of the Lair of Beasts
 30116 | Lair:6   | Found a viscous altar of Jiyva.
 30117 | Lair:6   | Found a staircase to the Slime Pits.
 30435 | Lair:6   | Offered knowledge of Orb of Destruction by Vehumet.
 31900 | Lair:6   | Reached XP level 16. HP: 89/127 MP: 12/31
 32409 | Shoals:1 | Entered Level 1 of the Shoals
 32702 | Shoals:1 | Noticed Frances
 32707 | Shoals:1 | Killed Frances
 32826 | Shoals:1 | Noticed Josephine
 32832 | Shoals:1 | Killed Josephine
 33691 | Shoals:2 | Found a runed translucent gate.
 33691 | Shoals:2 | Found a runed translucent gate.
 33691 | Shoals:2 | Found a runed translucent gate.
 33691 | Shoals:2 | Noticed Bai Suzhen
 33723 | Shoals:2 | Identified the ring of Micwiwnugre {rCorr Int+4 Slay+3}
                  | (You acquired it on level 2 of the Shoals)
 33723 | Shoals:2 | Identified The Advanced Guide to Sorcery (You acquired it
                  | on level 2 of the Shoals)
 33724 | Shoals:2 | Identified the +2 halberd of Inconvenience {freeze, -Tele
                  | rElec Int+2} (You acquired it on level 2 of the Shoals)
 33724 | Shoals:2 | Identified the +0 helmet of Uskayaw's Condemnation {rCorr
                  | SInv} (You acquired it on level 2 of the Shoals)
 33724 | Shoals:2 | Identified the ring of Entrepreneurial Spirit {rElec rPois
                  | rC- rN+ Int+6} (You acquired it on level 2 of the Shoals)
 33746 | Shoals:2 | Found a frozen archway.
 33786 | IceCv    | Entered an ice cave
 33860 | IceCv    | Offered knowledge of Spellforged Servitor by Vehumet.
 34463 | Shoals:2 | Noticed thechecker02's ghost (adept GnFi)
 34464 | Shoals:2 | Noticed Egimn's ghost (journeyman MiBe)
 34948 | Shoals:2 | Killed Bai Suzhen
 35131 | Shoals:1 | HP: 3/129 [thechecker02's ghost (5)]
 35308 | Lair:3   | Quit the game

Skill      XL: |  1  2  3  4  5  6  7  8  9 10 11 12 13 14 15 16 |
---------------+-------------------------------------------------+-----
Spellcasting   | 5 6 7 8 9 10 11 | 11.8
Invocations    | 1 2 3 4 5 6 7 8 9 10 11 | 11.7
Short Blades   | 1 2 3 4 5 6 7 8 9 10 | 10.9
Long Blades    | 1 2 3 4 5 6 7 8 10 11 12 | 12.4
Axes           | 1 2 3 4 5 6 7 8 9 10 | 10.9
Maces & Flails | 1 2 3 4 5 6 7 8 9 10 | 10.9
Staves         | 1 2 3 4 5 6 7 8 9 10 | 10.9
Slings         | 1 2 3 4 5 6 7 8 9 10 | 10.9
Bows           | 1 2 3 4 5 6 7 8 9 10 | 10.9
Crossbows      | 1 2 3 4 5 6 7 8 9 10 | 10.9
Throwing       | 1 2 3 4 5 6 7 8 9 10 | 10.9
Armour         | 1 2 3 4 5 6 7 8 9 10 | 10.9
Stealth        | 1 2 3 4 5 6 7 8 9 10 | 10.9
Shields        | 1 2 3 4 5 6 7 8 9 10 | 10.9
Unarmed Combat | 1 2 3 4 5 6 7 8 9 10 | 10.9
Evocations     | 1 2 3 4 5 6 7 8 9 10 | 10.9
Conjurations   | 1 2 3 4 5 6 7 8 9 |  9.2
Hexes          | 1 2 3 4 5 6 7 8 9 |  9.2
Charms         | 1 2 3 4 5 6 7 8 9 |  9.2
Summonings     | 1 2 3 4 5 6 7 8 9 |  9.2
Necromancy     | 1 2 3 4 5 6 7 8 9 |  9.2
Translocations | 1 2 3 4 5 6 7 8 9 |  9.2
Transmutations | 1 2 3 4 5 6 7 8 9 |  9.2
Fire Magic     | 1 2 3 4 5 6 7 8 9 |  9.2
Ice Magic      | 1 2 3 4 5 6 7 8 9 |  9.2
Air Magic      | 1 2 3 4 5 6 7 8 9 |  9.2
Earth Magic    | 1 2 3 4 5 6 7 8 9 |  9.2
Poison Magic   | 1 2 3 4 5 6 7 8 9 |  9.2
Fighting       | 7 8 9 10 11 12 | 12.4
Polearms       | 7 8 9 10 11 12 | 12.4
Dodging        | 7 8 9 10 11 12 | 12.4

Action                   |  1- 3 |  4- 6 |  7- 9 | 10-12 | 13-15 | 16-18 || total
-------------------------+-------+-------+-------+-------+-------+-------++-------
Melee: Trident           |    96 |   158 |   439 |   422 |   145 |       ||  1260
       Bite              |     4 |    16 |    42 |    57 |    64 |    11 ||   194
       Dagger            |       |       |    20 |    19 |    50 |       ||    89
       Unarmed           |       |       |       |       |    13 |       ||    13
       Scimitar          |       |       |       |       |    69 |    19 ||    88
       Staff             |       |       |       |       |     2 |     8 ||    10
       Demon trident     |       |       |       |       |   147 |    70 ||   217
Throw: Stone             |       |     1 |     3 |       |       |       ||     4
       Tomahawk          |       |       |    12 |    31 |     4 |     2 ||    49
 Cast: Magic Dart        |     1 |       |     9 |       |    74 |     6 ||    90
       Iskenderun's Myst |       |       |    65 |   237 |   694 |   128 ||  1124
       Freeze            |       |       |     7 |       |     2 |       ||     9
       Conjure Flame     |       |       |     6 |    44 |    17 |     1 ||    68
       Mephitic Cloud    |       |       |     7 |    44 |     5 |     1 ||    57
       Iskenderun's Batt |       |       |       |     1 |    34 |     1 ||    36
       Bolt of Fire      |       |       |       |     4 |    74 |    56 ||   134
       Blink             |       |       |       |       |    20 |     2 ||    22
       Icicle Burst      |       |       |       |       |    11 |     7 ||    18
Evoke: Wand              |       |       |       |     6 |     5 |    12 ||    23
  Use: Scroll            |       |     2 |    12 |     4 |    12 |     6 ||    36
       Potion            |       |       |     1 |       |       |     1 ||     2
 Stab: Sleeping          |     3 |     2 |     7 |     2 |     5 |     1 ||    20
       Confused          |       |       |     6 |    34 |     1 |     1 ||    42
       Distracted        |       |       |     1 |       |     2 |     1 ||     4
       Petrified         |       |       |       |       |     4 |       ||     4
  Eat: Chunk             |       |     4 |    21 |    23 |    69 |     8 ||   125
       Ration            |       |       |       |     1 |     6 |     4 ||    11
Armor: Steam dragon scal |    16 |    14 |    60 |    25 |       |       ||   115
       Scale mail        |       |       |       |    26 |   143 |    41 ||   210
       Robe              |       |       |       |       |     4 |       ||     4
       Skin              |       |       |       |       |       |     3 ||     3
Dodge: Dodged            |    45 |    78 |   240 |   281 |   378 |   112 ||  1134
       Deflected         |       |       |       |       |     4 |    12 ||    16
Block: Buckler           |     6 |    22 |    84 |    97 |   172 |    60 ||   441
